AoeStats
← Horizon

Arabia

507710569Analyzed
1v1 RM · 13d ago on Sep 19, 2026· 28m 3s· 2 players
Game mode
Random Map
Map size
Tiny (2 player)
Population
200
Speed
Normal
Resources
Standard
Victory
Conquest
Starting age
Dark Age
Ending age
Imperial Age
RankedLock teamsTeams togetherTeam positionsShared explorationLock speedFull tech treeHidden civsTurbo modeCheats
Victory
Defeat
🇫🇷 Aztecs · France
1450
+18
🇵🇰 Poles · Pakistan
1491
-18
FR | Jolaf
6:39 Loom
9:18 Feudal Age
9:28 Man-at-Arms
13:23 Fletching
19:23 Scale Mail Armor
21:32 Castle Age
19:42 Horse Collar
21:46 Forging
21:44 Eagle Warrior
22:25 Squires
23:17 Chain Mail Armor
25:54 Pikeman
Horizon
6:09 Loom
6:19 Loom
9:22 Feudal Age
9:23 Man-at-Arms
12:51 Fletching
19:28 Horse Collar
24:35 Castle Age
26:17 Scale Mail Armor
26:25 Scale Barding Armor
Connection lost

Rejoining the realm…

Still unreachable

The connection could not be restored.

Session expired

The server has moved on; the page needs a fresh start.